AoeStats
← VNS__Pan

Nomad

510514796Analyzed
4v4 RM · 1d ago on Oct 1, 2026· 43m 55s· 8 players
Game mode
Random Map
Map size
231×231
Population
200
Speed
Normal
Resources
Standard
Victory
Conquest
Starting age
Dark Age
Ending age
Imperial Age
RankedLock teamsTeams togetherTeam positionsShared explorationLock speedFull tech treeHidden civsTurbo modeCheats
Victory
Defeat
🇸🇪 Danes · Sweden
1511
+15
🇨🇳 Mongols · China
1498
+15
🇧🇷 Persians · Brazil
1456
+17
🇦🇺 Britons · Australia
1433
+18
🇨🇳 Spanish · China
1514
-18
🇨🇳 Saracens · China
1501
-17
🇨🇳 Huns · China
1475
-16
🇻🇳 Vietnamese · Vietnam
1427
-14
Ringss12x
6:04 Loom
12:47 Feudal Age
13:13 Double-Bit Axe
14:21 Wheelbarrow
14:56 Fletching
15:58 Town Watch
22:24 Castle Age
20:17 Gold Mining
23:03 Bow Saw
23:26 Stone Mining
23:19 Horse Collar
27:46 Hand Cart
32:25 Scale Barding Armor
32:34 Bloodlines
32:25 Husbandry
35:15 Imperial Age
33:35 Chain Barding Armor
33:28 Forging
34:47 Gold Shaft Mining
34:51 Heavy Camel Rider
36:09 Iron Casting
37:53 Plate Barding Armor
38:00 Conscription
39:21 Blast Furnace
39:47 Stone Shaft Mining
39:14 Heavy Plow
39:28 Cavalier
41:55 Chemistry
41:16 Ballistics
41:10 Savar
Ronald Mcdonald
3:56 Loom
13:55 Feudal Age
17:59 Castle Age
16:31 Horse Collar
19:46 Wheelbarrow
23:09 Double-Bit Axe
30:32 Scale Mail Armor
32:07 Forging
34:40 Iron Casting
40:52 Imperial Age
38:35 Bow Saw
39:52 Chain Mail Armor
40:39 Gold Mining
40:39 Stone Mining
40:26 Hamask
44:15 Plate Mail Armor
44:48 Blast Furnace
超级硬邦邦
5:30 Loom
13:48 Feudal Age
15:10 Double-Bit Axe
18:00 Castle Age
16:12 Fishing Lines
16:44 Fletching
18:33 Wheelbarrow
17:43 Town Watch
17:52 Gold Mining
19:10 Bow Saw
19:24 Stone Mining
19:44 Bodkin Arrow
21:28 Padded Archer Armor
26:18 Gillnets
27:16 Ballistics
27:03 Husbandry
27:34 Horse Collar
28:40 Leather Archer Armor
32:24 Hand Cart
32:52 Gold Shaft Mining
32:56 Bloodlines
37:58 Imperial Age
38:47 Bracer
39:10 Conscription
40:05 Elite Mangudai
42:49 Chemistry
41:13 Capped Ram
Vinkz
6:45 Loom
13:09 Feudal Age
14:08 Feudal Age
18:03 Castle Age
17:02 Double-Bit Axe
16:58 Horse Collar
17:12 Gold Mining
17:56 Town Watch
19:24 Bow Saw
19:49 Fletching
21:36 Wheelbarrow
31:59 Imperial Age
30:37 Bodkin Arrow
30:44 Padded Archer Armor
32:15 Leather Archer Armor
32:50 Bracer
34:02 Chemistry
33:37 Stone Mining
35:19 Conscription
37:18 Ballistics
39:18 Yeomen
41:14 Elite Longbowman
43:35 Ring Archer Armor
44:48 Hoardings
44:28 Masonry
WCID
6:36 Loom
15:18 Feudal Age
16:04 Double-Bit Axe
16:11 Stone Mining
19:00 Castle Age
18:41 Town Watch
20:08 Fletching
22:11 Horse Collar
22:45 Bow Saw
29:32 Padded Archer Armor
33:32 Elite Skirmisher
34:11 Bodkin Arrow
37:24 Wheelbarrow
40:08 Imperial Age
40:15 Imperial Age
38:42 Leather Archer Armor
40:22 Imperial Skirmisher
41:09 Bracer
42:19 Two-Man Saw
VNS__Pan
4:40 Loom
12:40 Feudal Age
17:35 Castle Age
16:08 Double-Bit Axe
16:22 Horse Collar
16:50 Fishing Lines
18:48 Bow Saw
18:38 Heavy Plow
20:32 Gillnets
20:46 Stone Mining
20:47 Gold Mining
22:38 Wheelbarrow
23:57 Fletching
26:12 Bodkin Arrow
30:15 Imperial Age
33:32 Imperial Age
ahjol
5:06 Loom
13:01 Feudal Age
18:10 Castle Age
18:34 Fletching
19:07 Double-Bit Axe
20:05 Bow Saw
22:54 Town Watch
28:24 Imperial Age
25:54 Horse Collar
26:26 Gold Mining
27:54 Padded Archer Armor
28:06 Elite Skirmisher
32:29 Leather Archer Armor
34:18 Demolition Ship
43:05 Stone Mining
usqyn
4:33 Loom
15:25 Feudal Age
15:55 Fishing Lines
16:05 Double-Bit Axe
16:11 Gold Mining
20:33 Castle Age
18:38 Fletching
21:14 Gillnets
21:35 Medium Warships
21:56 Bow Saw
23:28 Gold Shaft Mining
23:59 Stone Mining
27:42 Imperial Age
26:53 Scale Barding Armor
26:59 Forging
29:06 Wheelbarrow
28:17 Town Watch
30:06 Iron Casting
29:52 Chain Barding Armor
30:39 Hand Cart
30:38 Bloodlines
30:28 Husbandry
30:52 Conscription
32:13 Blast Furnace
32:26 Elite Tarkan
34:59 Horse Collar
36:15 Squires
35:37 Pikeman
36:18 Bodkin Arrow
36:24 Padded Archer Armor
37:08 Bracer
37:13 Murder Holes
37:39 Ballistics
38:20 Chemistry
37:39 Masonry
38:38 Leather Archer Armor
38:27 Scale Mail Armor
39:15 Halberdier
41:23 Parthian Tactics
42:05 Thumb Ring
Connection lost

Rejoining the realm…

Still unreachable

The connection could not be restored.

Session expired

The server has moved on; the page needs a fresh start.